 Dungeon Crawl Stone Soup version 0.25-a0-992-gca090100c3 (webtiles) character file.

Game seed: 14295727292559110575, levelgen mode: deterministic

191 MisterFreud the Slasher (level 5, -3/37 HPs)
             Began as an Octopode Gladiator on May 10, 2020.
             Slain by a centaur (9 damage)
             ... on level 3 of the Dungeon.
             The game lasted 00:03:19 (3164 turns).

MisterFreud the Slasher (Octopode Gladiator)        Turns: 3164, Time: 00:03:20

Health: -3/37      AC:  1    Str: 14    XL:     5   Next: 70%
Magic:  5/5        EV: 14    Int: 11    God:
Gold:   148        SH:  0    Dex: 13    Spells: 4/4 levels left

rFire    . . .     SeeInvis .   a - +0 long sword
rCold    . . .     Gourm    .   (no shield)
rNeg     . . .     Faith    .   b - +0 hat
rPois    .         Spirit   .   (no amulet)
rElec    .         Reflect  .   (no ring)
rCorr    .         Harm     .   (no ring)
MR       .....     Rnd*Tele +   (no ring)
Stlth    ++........             (no ring)
HPRegen  0.12/turn              (no ring)
MPRegen  0.09/turn              (no ring)
                                (no ring)
                                (no ring)

@: very slightly contaminated, invisible
A: almost no armour, stealthy swim, amphibious, 8 rings, constrict 8, beak,
camouflage 1, teleportitis 1, gelatinous body 1
a: no special abilities


You were on level 3 of the Dungeon.
You were not hungry.

You visited 1 branch of the dungeon, and saw 3 of its levels.

You collected 148 gold pieces.

Inventory:

Hand Weapons
 a - a +0 long sword (weapon)
Missiles
 c - 3 throwing nets (quivered)
 f - 156 stones
 j - 76 arrows
 k - 12 bolts
 p - 37 sling bullets
Armour
 b - a +0 hat (worn)
Jewellery
 t - an uncursed ring of ice
Scrolls
 e - a scroll of amnesia {unknown}
 h - a scroll of remove curse
 i - a scroll of fog {unknown}
 o - 2 scrolls of immolation {unknown}
 q - a scroll of identify {unknown}
Potions
 g - a potion of curing
 s - a potion of stabbing {unknown}
Comestibles
 d - 8 rations
 r - 5 chunks of flesh


   Skills:
 - Level 4.0 Fighting
 + Level 5.1 Long Blades
 - Level 2.0 Throwing
 - Level 3.0 Dodging


You had 4 spell levels left.
You didn't know any spells.
Your spell library was empty.

Dungeon Overview and Level Annotations

Branches:
Dungeon (3/15)

Altars:
Ru
Sif Muna


Innate Abilities, Weirdness & Mutations

You cannot wear most types of armour.
You are very stealthy in the water. (Stealth+)
You are amphibious.
You can wear up to eight rings at the same time.
You can use your tentacles to constrict eight enemies at once.
Your skin changes colour to match your surroundings (Stealth+).
Your rubbery body absorbs attacks. (AC +1, EV +1)
You have a beak for a mouth.
You are occasionally teleported next to monsters.


Message History

It was a potion of curing.
You feel better. The bat hits you. The jackal bites you.
The centaur closely misses you. The jackal bites you.
* * * LOW HITPOINT WARNING * * *
It was a potion of invisibility.
You fade into invisibility!
The bat hits you.
* * * LOW HITPOINT WARNING * * *
The centaur misses you. The bat hits you.
* * * LOW HITPOINT WARNING * * *
The jackal barely misses you. The centaur barely misses you.
You are very lightly contaminated with residual magic.
It was a potion of magic.
Magic courses through your body. The bat hits you but does no damage.
The jackal barely misses you. The centaur hits you.
* * * LOW HITPOINT WARNING * * *
It was a potion of mutation.
You feel extremely strange.
You feel weirdly uncertain.
Your mouth lengthens and hardens into a beak!
The jackal closely misses you. The centaur hits you!
You die...

#. ##...## # #.#
##.....## ##
..###.......## ##. ##
..#.........####..
##[##.'.........'..... .
#...#.....(.....####..
..#...#..#.......## ##.
......bc..#.....## ##
#..).wh@#......## #
#.....)(##^.#'##
$......!)#..#.#
#!##.##$##.##.###### #
#...###..##.##...####
.........##..........#
...###.............รท#.#
... #)#####........#.##
#. ##.##........


You could see a centaur, a dart slug, a jackal and a bat.

Vanquished Creatures
  Natasha (D:3)
  2 orc wizards (D:3)
  2 adders (D:2)
  2 oozes
  2 dart slugs (D:2)
  2 leopard geckos (D:1)
  4 orcs (D:3)
  2 ball pythons
  7 bats
  4 giant cockroaches (D:3)
  11 goblins
  10 hobgoblins
  2 jackals (D:3)
  2 frilled lizards
  10 kobolds
  12 rats
75 creatures vanquished.

Notes
Turn   | Place    | Note
-------+----------+-------------------------------------------
     0 | D:1      | MisterFreud the Octopode Gladiator began the quest for the
                  | Orb.
     0 | D:1      | Reached XP level 1. HP: 14/14 MP: 1/1
   119 | D:1      | Reached XP level 2. HP: 15/20 MP: 2/2
   691 | D:1      | Reached XP level 3. HP: 26/26 MP: 3/3
  1733 | D:2      | Reached XP level 4. HP: 30/33 MP: 4/4
  1838 | D:2      | Found a sacrificial altar of Ru.
  2357 | D:3      | Noticed Natasha
  2363 | D:3      | Killed Natasha
  2363 | D:3      | Reached skill level 4 in Long Blades
  2607 | D:3      | Reached XP level 5. HP: 36/37 MP: 5/5
  3050 | D:3      | Found a shimmering blue altar of Sif Muna.
  3080 | D:3      | Reached skill level 5 in Long Blades
  3152 | D:3      | Noticed a centaur
  3164 | D:3      | Gained mutation: You are occasionally teleported next to
                  | monsters. [potion of mutation]
  3164 | D:3      | Gained mutation: You have a beak for a mouth. [potion of
                  | mutation]
  3164 | D:3      | Slain by a centaur

Illustrated notes

Levels and vault maps discovered:
D:1:      minmay_arrival_shattered_statue, layout_basic, serial_bayou_lagoon_a,
          minmay_pentomino_s2
D:2:      layout_rooms, nicolae_ru_sacrificial_ziggurat, first_ration,
          chequers_big_river
D:3:      layout_loops_corners, lemuel_doored_altar, minmay_three_crescents,
          uniq_natasha

Skill      XL: |  1  2  3  4  5 |
---------------+----------------+-----
Fighting       | 3 4 |  4.0
Long Blades    | 4 5 |  5.1
Throwing       | |  2.0
Dodging        | |  3.0

Action                   |  1- 3 |  4- 6 || total
-------------------------+-------+-------++-------
Melee: Long sword        |    55 |    60 ||   115
       Tentacles         |    15 |    13 ||    28
       Constrict         |    19 |    18 ||    37
  Use: Potion            |       |     4 ||     4
       Scroll            |       |     1 ||     1
 Stab: Sleeping          |     3 |     6 ||     9
  Eat: Chunk             |     3 |     4 ||     7
Armor: Skin              |     3 |    10 ||    13
Dodge: Dodged            |    40 |    62 ||   102
       Rpst.: Long sword |    12 |    18 ||    30

Table legend:
 A = Non-vault XP
 B = Vault XP
 C = Vault XP percentage of total XP
 D = Non-vault monster count
 E = Vault monster count
 F = Vault count percentage of total count
                 A         B        C        D         E       F
            +---------+---------+-------+---------+---------+-------
      Total |     220 |      53 |  19.4 |      69 |       6 |   8.0
            +---------+---------+-------+---------+---------+-------
        D:1 |      42 |       8 |  16.0 |      24 |       2 |   7.7
        D:2 |      61 |       0 |   0.0 |      21 |       0 |   0.0
        D:3 |     117 |      45 |  27.8 |      24 |       4 |  14.3
            +---------+---------+-------+---------+---------+-------
